Map: 2000 Atmospheres LE

Players

Rex - Winner!

  • Race: Zerg Zerg

Has

  • Race: Protoss Protoss

VOD

Have the link to the VOD?

Description

Time

  • Played on: Sept. 29, 2021, 8:17 a.m.
  • Length: 5:37
Show
View Real Time Build Order
Export as new Build Order

Rex Zerg - Winner!

Build Orders: Hatch First 

Get SALT Encoding   

  12  0:00  Drone  
  13  0:12  Overlord  
  13  0:17  Drone  
  14  0:30  Drone x2  
  16  0:48  Hatchery  
  15  0:51  Drone  
  15  0:54  Drone  
  17  0:58  Drone  
  18  1:08  Extractor  
  17  1:13  Spawning Pool  
  17  1:16  Drone  
  17  1:20  Drone  
  18  1:28  Drone  
  19  1:39  Drone  
  20  1:46  Hatchery  
  19  1:49  Drone  
  20  2:00  Queen  
  22  2:03  Zergling x2  
  23  2:10  Queen  
  23  2:14  Drone  
  26  2:24  Roach Warren  
  26  2:29  Metabolic Boost  
  25  2:33  Drone  
  26  2:39  Overlord  
  26  2:49  Drone  
  26  2:50  Drone  
  28  3:04  Roach x4  
  36  3:08  Roach  
  37  3:16  Zergling x2  
  37  3:17  Zergling x6  
  41  3:24  Overlord  
  41  3:36  Zergling x2  
  41  3:38  Overlord  
  42  3:43  Ravager  
  42  3:44  Zergling x12  
  49  3:51  Zergling x2  
  50  3:58  Zergling x8  
  50  4:00  Zergling x2  
  55  4:04  Zergling x2  
  55  4:07  Zergling x2  
  56  4:12  Zergling x4  
  56  4:19  Ravager  
  56  4:24  Zergling x2  
  53  4:27  Zergling x4  
  53  4:28  Zergling x6  
  53  4:30  Zergling x2  
  54  4:32  Zergling x2  
  54  4:34  Zergling x2  
  54  4:37  Zergling x2  
  52  4:39  Zergling x2  
  52  4:43  Zergling x2  
  52  4:46  Zergling x2  
  52  4:49  Zergling x2  
  52  4:52  Zergling x2  
  52  4:55  Drone  
  52  4:58  Drone  
  52  4:59  Drone  
  53  5:03  Drone x2  
  53  5:06  Drone  
  55  5:08  Drone  
  55  5:16  Drone x3  
  55  5:20  Drone  
Show
View Real Time Build Order
Export as new Build Order

Has Protoss 

Build Orders: 1 Gate Expand, Oracle Opening 

Get SALT Encoding   

  12  0:00  Probe  
  13  0:12  Probe  
  14  0:19  Pylon  
  14  0:24  Probe  
  15  0:31  Assimilator  
  15  0:37  Probe (Chrono Boost)  
  16  0:43  Gateway  
  16  0:47  Probe (Chrono Boost)  
  17  0:53  Probe  
  18  1:05  Probe  
  19  1:17  Probe  
  20  1:23  Nexus  
  20  1:33  Cybernetics Core  
  20  1:36  Probe  
  21  1:41  Assimilator  
  21  1:48  Probe  
  21  1:52  Pylon  
  22  2:00  Probe  
  23  2:07  Stalker (Chrono Boost)  
  23  2:12  Probe  
  26  2:17  Stargate  
  26  2:24  Warp Gate (Chrono Boost)  
  26  2:25  Probe (Chrono Boost)  
  27  2:30  Zealot  
  27  2:35  Probe (Chrono Boost)  
  31  2:37  Probe (Chrono Boost)  
  32  2:45  Probe x2 (Chrono Boost)  
  32  2:50  Probe (Chrono Boost)  
  33  2:52  Gateway  
  33  2:54  Probe  
  35  3:02  Oracle (Chrono Boost)  
  35  3:04  Probe  
  39  3:06  Probe  
  40  3:15  Pylon  
  40  3:16  Probe  
  40  3:18  Probe  
  42  3:28  Probe  
  42  3:30  Probe  
  42  3:32  Pylon  
  44  3:34  Oracle (Chrono Boost)  
  44  3:40  Probe  
  48  3:43  Probe  
  48  3:48  Forge  
  49  3:51  Robotics Facility  
  49  3:52  Probe  
  49  3:55  Probe  
  51  4:00  Gateway x2  
  51  4:04  Void Ray (Chrono Boost)  
  51  4:07  Zealot  
  51  4:08  Zealot  
  53  4:16  Probe  
  52  4:25  Probe  
  44  4:34  Probe  
  44  4:37  Probe  
  45  4:41  Pylon  
  32  4:46  Probe  
  32  4:49  Probe  
  22  4:58  Probe (Chrono Boost)  
  20  5:06  Probe (Chrono Boost)  
  21  5:09  Zealot  
  21  5:10  Probe (Chrono Boost)  
  24  5:18  Zealot  
Tags
 
Add a new tag
Caveats
  • Supply blocks, unpowered buildings, or Contaminate may cause inaccurate times.
  • Supply counts are checked every 10 seconds.